AoeStats
← DRIkids

Black Forest

505092352Analyzed
4v4 RM · 25d ago on Sep 7, 2026· 54m 51s· 8 players
Game mode
Random Map
Map size
Large (8 player)
Population
200
Speed
Normal
Resources
Standard
Victory
Conquest
Starting age
Dark Age
Ending age
Imperial Age
RankedLock teamsTeams togetherTeam positionsShared explorationLock speedFull tech treeHidden civsTurbo modeCheats
Victory
Defeat
🇺🇸 Spanish · United States
780
+15
🇺🇸 Romans · United States
774
+15
🇺🇸 Turks · United States
703
+18
🇺🇸 Bulgarians · United States
655
+21
🇩🇪 Teutons · Germany
803
-18
🇨🇴 Byzantines · Colombia
765
-18
🇧🇷 Georgians · Brazil
761
-18
🇧🇷 Wei · Brazil
704
-15
estebanlozanop
0:27 Loom
9:42 Feudal Age
10:58 Wheelbarrow
10:45 Double-Bit Axe
19:01 Castle Age
20:12 Hand Cart
21:31 Bow Saw
23:20 Caravan
30:54 Imperial Age
29:22 Ballistics
30:44 Horse Collar
31:05 Gold Mining
32:08 Conscription
32:51 Chemistry
31:59 Scale Barding Armor
32:42 Heavy Plow
33:37 Forging
34:54 Two-Man Saw
35:13 Logistica
36:22 Crop Rotation
36:31 Gold Shaft Mining
36:46 Iron Casting
36:59 Treadmill Crane
37:16 Murder Holes
38:21 Elite Skirmisher
39:33 Chain Barding Armor
39:04 Fletching
39:40 Bombard Tower
38:44 Elite Cataphract
39:50 Thumb Ring
40:11 Padded Archer Armor
40:54 Plate Barding Armor
41:24 Squires
42:32 Bodkin Arrow
42:54 Leather Archer Armor
45:25 Bracer
45:57 Ring Archer Armor
50:34 Scale Mail Armor
53:09 Husbandry
F3llipe
11:28 Feudal Age
12:13 Horse Collar
19:08 Double-Bit Axe
22:44 Castle Age
21:56 Gold Mining
22:02 Stone Mining
27:34 Heavy Plow
30:23 Scale Barding Armor
30:53 Forging
32:01 Chain Barding Armor
32:33 Redemption
33:06 Town Watch
33:07 Loom
35:08 Iron Casting
37:30 Imperial Age
35:38 Wheelbarrow
35:04 Town Patrol
38:48 Conscription
39:12 Hand Cart
41:25 Elite Monaspa
50:50 Sanctity
50:41 Fervor
MKO82
0:27 Loom
14:41 Feudal Age
15:59 Wheelbarrow
15:10 Horse Collar
15:21 Double-Bit Axe
23:10 Castle Age
21:32 Gold Mining
21:37 Stone Mining
21:51 Scale Mail Armor
21:43 Fletching
21:40 Man-at-Arms
22:05 Arson
24:05 Bow Saw
23:56 Heavy Plow
24:16 Pikeman
24:17 Long Swordsman
24:43 Gambesons
24:58 Squires
26:03 Padded Archer Armor
26:05 Elite Skirmisher
27:43 Hand Cart
28:24 Town Watch
28:58 Caravan
29:28 Coinage
29:15 Chain Mail Armor
30:43 Bodkin Arrow
31:04 Leather Archer Armor
33:12 Fortified Wall
34:02 Town Patrol
35:32 Ballistics
35:28 Forging
38:49 Imperial Age
38:47 Stone Shaft Mining
39:22 Iron Casting
39:47 Ironclad
40:46 Chemistry
40:18 Crop Rotation
40:59 Two-Man Saw
41:04 Plate Mail Armor
41:34 Blast Furnace
41:06 Ring Archer Armor
41:36 Heated Shot
41:22 Elite Teutonic Knight
42:23 Crenellations
42:23 Conscription
41:34 Sappers
42:50 Banking
42:30 Guilds
43:56 Masonry
43:33 Arrowslits
45:50 Halberdier
45:51 Two-Handed Swordsman
48:23 Heavy Scorpion
AL.Capone
5:38 Loom
11:32 Feudal Age
16:21 Castle Age
15:33 Double-Bit Axe
18:53 Wheelbarrow
19:20 Bow Saw
21:38 Horse Collar
22:43 Heavy Plow
26:21 Hand Cart
26:08 Treadmill Crane
27:24 Ballistics
DRIkids
0:27 Loom
16:54 Feudal Age
17:15 Horse Collar
17:25 Double-Bit Axe
25:07 Castle Age
26:22 Bow Saw
26:16 Heavy Plow
26:12 Gold Mining
26:12 Stone Mining
29:52 Stone Shaft Mining
32:39 Town Watch
33:31 Wheelbarrow
35:04 Hand Cart
35:18 Pikeman
35:44 Gambesons
35:59 Squires
35:45 Arson
36:51 Scale Barding Armor
36:56 Forging
36:47 Scale Mail Armor
36:48 Padded Archer Armor
36:39 Fletching
40:59 Bloodlines
40:49 Husbandry
44:31 Imperial Age
42:39 Ballistics
46:20 Chemistry
45:07 Elite Conquistador
48:44 Chain Barding Armor
48:59 Iron Casting
48:40 Chain Mail Armor
48:41 Leather Archer Armor
48:21 Bodkin Arrow
51:57 Caravan
drtySASQUATCH69
0:33 Loom
20:50 Feudal Age
22:42 Wheelbarrow
21:52 Horse Collar
22:02 Double-Bit Axe
22:12 Stone Mining
22:16 Gold Mining
26:47 Bloodlines
27:15 Fletching
27:26 Padded Archer Armor
31:13 Castle Age
31:36 Forging
31:32 Scale Barding Armor
32:38 Hand Cart
32:38 Bow Saw
32:32 Heavy Plow
33:03 Caravan
33:43 Iron Casting
33:29 Chain Barding Armor
33:05 Bodkin Arrow
33:26 Leather Archer Armor
35:41 Gold Shaft Mining
35:47 Husbandry
37:56 Thumb Ring
40:38 Ballistics
43:26 Imperial Age
45:32 Conscription
47:01 Two-Man Saw
47:10 Blast Furnace
46:46 Plate Barding Armor
46:12 Bracer
46:43 Ring Archer Armor
45:40 Elite Janissary
46:32 Heavy Camel Rider
48:54 Artillery
49:21 Guilds
matticus23
0:27 Loom
13:33 Feudal Age
17:08 Wheelbarrow
18:57 Double-Bit Axe
19:49 Horse Collar
27:49 Castle Age
26:41 Man-at-Arms
27:48 Scale Mail Armor
27:58 Forging
27:54 Scale Barding Armor
27:40 Fletching
27:52 Padded Archer Armor
29:01 Bow Saw
32:40 Fervor
32:35 Squires
32:32 Town Watch
33:20 Caravan
35:51 Fortified Wall
35:58 Pikeman
37:19 Heavy Plow
38:12 Long Swordsman
42:00 Imperial Age
40:32 Chain Mail Armor
40:53 Iron Casting
42:10 Hand Cart
42:53 Chain Barding Armor
42:29 Bodkin Arrow
42:50 Leather Archer Armor
42:58 Ballistics
43:42 Siege Engineers
44:31 Ballistas
44:47 Conscription
44:48 Comitatenses
45:07 Legionary
45:57 Heavy Scorpion
DarkSaintOfWar
17:46 Feudal Age
21:03 Wheelbarrow
20:23 Gold Mining
20:25 Double-Bit Axe
20:27 Horse Collar
20:43 Stone Mining
27:19 Castle Age
26:13 Bloodlines
25:53 Arson
26:18 Scale Barding Armor
26:17 Scale Mail Armor
33:21 Hand Cart
33:24 Bow Saw
33:55 Gold Shaft Mining
34:00 Stone Shaft Mining
33:31 Heavy Plow
34:07 Caravan
36:12 Chain Barding Armor
36:03 Forging
36:09 Chain Mail Armor
35:57 Squires
36:02 Husbandry
36:01 Stirrups
39:18 Imperial Age
40:49 Elite Konnik
41:56 Conscription
42:16 Iron Casting
42:17 Plate Barding Armor
42:13 Plate Mail Armor
44:29 Blast Furnace
Connection lost

Rejoining the realm…

Still unreachable

The connection could not be restored.

Session expired

The server has moved on; the page needs a fresh start.